AoeStats
← maimadana

Arabia

510723418Analyzed
1v1 RM · 7h ago on Oct 2, 2026· 70m 59s· 2 players
Game mode
Random Map
Map size
Tiny (2 player)
Population
200
Speed
Normal
Resources
Standard
Victory
Conquest
Starting age
Dark Age
Ending age
Imperial Age
RankedLock teamsTeams togetherTeam positionsShared explorationLock speedFull tech treeHidden civsTurbo modeCheats
Victory
Defeat
🇬🇧 Japanese · United Kingdom
859
+13
🇨🇿 Italians · Czechia
791
-13
sock
10:33 Feudal Age
9:07 Loom
11:37 Double-Bit Axe
11:29 Man-at-Arms
13:29 Forging
13:57 Arson
19:57 Castle Age
18:39 Horse Collar
18:59 Gold Mining
20:27 Fletching
20:16 Elite Skirmisher
22:14 Gambesons
23:45 Bow Saw
23:50 Stone Mining
23:41 Pikeman
26:24 Wheelbarrow
34:04 Bodkin Arrow
34:44 Iron Casting
36:08 Squires
44:15 Hand Cart
43:47 Town Watch
44:31 Heavy Plow
45:11 Gold Shaft Mining
47:15 Imperial Age
45:33 Murder Holes
46:06 Yasama
46:48 Scale Mail Armor
46:49 Padded Archer Armor
47:27 Town Patrol
48:36 Hoardings
48:23 Kataparuto
47:44 Halberdier
48:33 Arrowslits
49:09 Ballistics
49:39 Capped Ram
55:45 Two-Man Saw
54:43 Elite Samurai
57:06 Chain Mail Armor
62:33 Guard Tower
63:43 Onager
65:21 Parthian Tactics
64:17 Heavy Cavalry Archer
67:06 Blast Furnace
66:37 Plate Mail Armor
66:08 Bracer
67:39 Thumb Ring
68:47 Heavy Scorpion
maimadana
4:24 Loom
10:09 Feudal Age
11:17 Double-Bit Axe
11:14 Horse Collar
16:30 Fletching
21:09 Padded Archer Armor
23:20 Castle Age
22:17 Gold Mining
23:55 Crossbowman
25:04 Forging
24:25 Light Cavalry
26:42 Husbandry
26:53 Bloodlines
26:58 Elite Skirmisher
30:51 Thumb Ring
36:58 Bodkin Arrow
39:27 Ballistics
43:55 Imperial Age
43:49 Leather Archer Armor
44:11 Iron Casting
43:41 Scale Barding Armor
45:36 Chemistry
46:20 Arbalester
56:28 Conscription
67:15 Hussar
70:20 Hoardings
Connection lost

Rejoining the realm…

Still unreachable

The connection could not be restored.

Session expired

The server has moved on; the page needs a fresh start.